[Event "AUT Bundesliga 2021-22"]
[Site "Graz"]
[Date "2022.04.21"]
[Round "9.31"]
[White "Bosiocic, Marin"]
[Black "Horvath, Dominik"]
[Result "1-0"]
[ECO "A05"]
[WhiteElo "2522"]
[BlackElo "2483"]
[Annotator "TA"]
[PlyCount "59"]
[EventDate "2021.01.17"]
[EventType "team-tourn"]
[EventCountry "AUT"]
[SourceTitle "playchess.com"]
[Source "ChessBase"]
[SourceQuality "1"]
[TimeControl "40/5400+30:1800+30"]

1. Nf3 Nf6 2. g3 g6 3. Bg2 Bg7 4. O-O O-O 5. c4 d6 6. b3 e5 7. Bb2 Re8 8. d3 Nc6 9. Nc3 Bf5 {[%emt 0:05:25] A15: English Opening: 1...Nf6.} 10. h3 h6 {[%emt 0:08:13] [#]} 11. Rc1 $5 $146 {[%emt 0:01:47][%mdl 8] New and interesting.} ({Predecessor:} 11. e4 Bd7 12. a3 Nh7 13. Nd5 Ng5 14. Kh2 Nxf3+ 15. Bxf3 Nd4 16. Rg1 c6 17. Ne3 {½-½ (26) Jablonicky,F-Banas,J (2355) Detva 1977}) 11... Qd7 {[%emt 0:04:10] The position is equal.} 12. Kh2 Nh7 13. Qd2 Be6 14. Nd5 Nd8 15. e4 c6 16. Ne3 {[%emt 0:00:04] &Bianco is much more active.} c5 {[%emt 0:04:56] Prevents d4.} 17. Nh4 Qe7 18. Nd5 Bxd5 19. cxd5 Rf8 20. Qe1 Bf6 ({Better is} 20... Nf6) 21. f4 $16 exf4 (21... b6 $16 {might work better.}) 22. Bxf6 $18 Nxf6 23. gxf4 ({Resist} 23. Rxf4 $6 Nd7 $16) 23... Kh7 24. Bf3 (24. e5 $18) 24... Nd7 (24... Rg8 $16 {was called for.} 25. e5 Nd7) 25. Qg3 Rg8 26. Rce1 f6 $2 (26... a5 27. Rg1 a4) 27. Rg1 Nf8 {[%emt 0:00:06] [#]} (27... g5 {was necessary.} 28. Bg4 Kh8) 28. Nf5 $1 {[%emt 0:01:35][%mdl 512] White is clearly winning.} Qd7 {[%emt 0:00:03] [#]} (28... Qc7 29. Qh4) 29. Bg4 $1 {[%emt 0:01:27][%cal Of5h6] And now Nxh6! would win.} Qc7 {[%emt 0:04:47] [#]} 30. Qh4 $1 {[%emt 0:00:57] Weighted Error Value: White=0.07 (flawless) /Black=0.38} 1-0

[Event "AUT Bundesliga 2021-22"]
[Site "Graz"]
[Date "2022.04.21"]
[Round "9.32"]
[White "Rubil, Marko"]
[Black "Brkic, Ante"]
[Result "0-1"]
[ECO "C78"]
[WhiteElo "2293"]
[BlackElo "2607"]
[Annotator "TA"]
[PlyCount "68"]
[EventDate "2021.01.17"]
[EventType "team-tourn"]
[EventCountry "AUT"]
[SourceTitle "playchess.com"]
[Source "ChessBase"]
[SourceQuality "1"]
[TimeControl "40/5400+30:1800+30"]

1. e4 e5 2. Nf3 Nc6 3. Bb5 a6 4. Ba4 Nf6 5. O-O b5 6. Bb3 Bc5 7. c3 d6 8. d4 Bb6 9. a4 Bg4 {[%emt 0:04:01] C78: Ruy Lopez: Archangelsk and Möller Defences.} 10. Bg5 {[%emt 0:13:49] Bd5 is the strong threat.} (10. h3 $5 Bxf3 11. Qxf3 $14) 10... Rb8 $1 11. axb5 axb5 {[%emt 0:00:11] The position is equal.} 12. d5 Ne7 13. Qd3 Nd7 14. Nfd2 ({Much worse is} 14. h3 Nc5 $1 15. Qd1 (15. Qxb5+ $2 Bd7 $19) 15... Bxf3 16. gxf3 Nxb3 17. Qxb3 O-O $17) 14... f6 15. Be3 {[%emt 0:01:00] [#]} Nc5 $146 ({Predecessor:} 15... O-O 16. Bxb6 Rxb6 17. Na3 Ng6 18. Qe3 Nc5 19. Bc2 f5 20. f3 Bh5 21. exf5 Nf4 {1-0 (47) Hofer,R (2353)-Keller,P (2233) ICCF email 2009}) 16. Bxc5 ({Don't go for} 16. Qxb5+ $2 Bd7 17. Qe2 (17. Qc4 $2 Nxb3 18. Qxb3 Bxe3 $19) 17... Nxb3 $19) 16... Bxc5 17. Qg3 Qd7 18. c4 (18. h3 $11 Bh5 19. Qxg7) 18... O-O $1 $17 19. Nc3 {[%emt 0:05:59] Against Be2} bxc4 20. Ba4 Qc8 {[%emt 0:00:05] &Nero is more active.} 21. Nxc4 Bh5 22. Kh1 Bf7 23. Qd3 f5 24. f3 Ng6 25. Ne2 ({White should try} 25. exf5 $11 Nf4 26. Qc2) 25... f4 ({Black should play} 25... fxe4 $15 26. fxe4 Nh4) 26. Ra2 Qd8 27. Na5 Nh4 {[%emt 0:00:13] White must now prevent ...Qg5.} 28. g3 $2 (28. Nc3 $11 {and White has nothing to worry.}) 28... fxg3 $19 29. hxg3 {[%emt 0:00:01] [#]} Bh5 (29... Nxf3 $1 $19 {[%mdl 512] Strongly threatening ...Bh5.} 30. Rxf3 Qg5) 30. Nc6 $2 (30. f4 $17 exf4 31. Nxf4) 30... Qg5 31. gxh4 Qxh4+ $40 {[%emt 0:00:03][%mdl 128] Black is out for blood.} 32. Kg2 {[%emt 0:00:01] [#]} Bg4 $1 {[%emt 0:01:15][%mdl 512] ( -> ...Qh3#)} 33. fxg4 (33. f4 Bxe2) 33... Rxf1 34. Ne7+ Kf7 {[%emt 0:00:39] Weighted Error Value: White=0.72/Black=0.12 (very precise)} 0-1

[Event "AUT Bundesliga 2021-22"]
[Site "Graz"]
[Date "2022.04.21"]
[Round "9.33"]
[White "Heberla, Bartlomiej"]
[Black "Vitouch, Anatol"]
[Result "1-0"]
[ECO "D20"]
[WhiteElo "2570"]
[BlackElo "2245"]
[Annotator "TA"]
[PlyCount "65"]
[EventDate "2021.01.17"]
[EventType "team-tourn"]
[EventCountry "AUT"]
[SourceTitle "playchess.com"]
[Source "ChessBase"]
[SourceQuality "1"]
[TimeControl "40/5400+30:1800+30"]

1. d4 d5 2. c4 dxc4 3. e3 e5 4. Bxc4 exd4 5. Nf3 Bb4+ 6. Bd2 {[%emt 0:01:16] D20: Queen's Gambit Accepted: 3 e3 and 3 e4.} Bxd2+ 7. Qxd2 (7. Kxd2 dxe3+ 8. Ke2 Qf6 $17) 7... dxe3 {[%emt 0:01:47] [#] 7...Nc6 is the modern continuation.} 8. Bxf7+ $1 {[%emt 0:06:11] White is slightly better.} Ke7 9. Qxd8+ ({Worse is} 9. Qxe3+ Kxf7 10. Ne5+ Kf8 $17) 9... Kxd8 10. Nc3 {[%emt 0:00:40] [#]} c6 $146 ({Predecessor:} 10... Nf6 11. fxe3 Ke7 12. Bc4 c6 13. O-O b5 14. Be2 a6 15. e4 Nbd7 16. e5 Ng4 {1-0 (41) Cech,P (2360)-Djurkovic,M (2105) Ceske Budejovice 1995}) 11. O-O Nh6 12. Bb3 Na6 (12... Nd7 $11 {feels stronger.}) 13. Rad1+ Kc7 14. fxe3 Bg4 15. h3 Bxf3 16. gxf3 Nf5 17. Kf2 $36 {[%emt 0:00:13][%mdl 2048] White has the initiative.} Rad8 18. Ne4 Rhe8 19. a3 h6 20. Bc2 Nd6 21. Nxd6 Rxd6 22. Rxd6 Kxd6 $16 {[%emt 0:00:06][%mdl 4096] Endgame KRB-KRN} 23. Rg1 {[%emt 0:00:06] Strongly threatening Rg6+.} Re7 24. f4 Nc5 25. Kf3 Ne6 26. h4 {[%emt 0:00:30] Prevents g5.} Kc5 27. Bf5 {[%emt 0:03:55] [#] Hoping for Bxe6.} Nd8 (27... Nc7 $16 {was necessary.} 28. Rc1+ Kb6) 28. e4 $18 Kc4 29. Rd1 Nf7 30. e5 h5 $2 (30... Nxe5+ {is a better chance.} 31. fxe5 Rxe5) 31. Rd7 Rxd7 32. Bxd7 {[%emt 0:00:02] aiming for Be6+.} Kb3 33. Be6+ {[%emt 0:00:06] Weighted Error Value: White=0.09 (flawless) /Black=0.63} 1-0

[Event "AUT Bundesliga 2021-22"]
[Site "Graz"]
[Date "2022.04.21"]
[Round "9.34"]
[White "Kuthan, Andreas"]
[Black "Martinovic, Sasa"]
[Result "0-1"]
[ECO "C01"]
[WhiteElo "2250"]
[BlackElo "2554"]
[Annotator "TA"]
[PlyCount "46"]
[EventDate "2021.01.17"]
[EventType "team-tourn"]
[EventCountry "AUT"]
[SourceTitle "playchess.com"]
[Source "ChessBase"]
[SourceQuality "1"]
[TimeControl "40/5400+30:1800+30"]

1. e4 e6 2. d4 d5 3. exd5 exd5 4. Nf3 Nf6 5. Bd3 c5 6. O-O c4 7. Re1+ Be7 8. Bf1 O-O {[%emt 0:00:09] C01: French: Exchange Variation.} 9. b3 cxb3 10. axb3 Nc6 {[%emt 0:00:05] White has an edge.} 11. Ne5 Nxe5 12. dxe5 Ne4 {[%emt 0:00:27] [#] aiming for ...Bc5.} 13. Be3 {[%emt 0:02:05] [#]} Bf5 $146 ({Predecessor:} 13... Be6 14. f3 Nc5 15. Nd2 Qc7 16. Bd4 a5 17. f4 Bf5 18. g4 Ne6 19. gxf5 Nxd4 {0-1 (36) Kleibel,U (2142)-Muckle,J (2395) Neustadt an der Weinstrasse 2020}) 14. Nd2 (14. Bd3 $11) 14... Nc3 $15 15. Qf3 d4 16. Qxf5 (16. Bf4 $1 $11) 16... dxe3 $17 17. Nc4 {[%emt 0:03:21] [#]} g6 $1 18. Qf3 exf2+ 19. Qxf2 b5 $36 {[%emt 0:15:14][%mdl 2048] Keeping White busy.} 20. Nd6 Bxd6 21. exd6 Qxd6 22. Rxa7 $2 (22. Qf3 $17 Qd4+ 23. Qf2 Qxf2+ 24. Kxf2) 22... Nd1 $19 23. Rxa8 Rxa8 {[%emt 0:02:27] Weighted Error Value: White=0.54/Black=0.00 (flawless)} (23... Nxf2 $2 {loses.} 24. Rxf8+ Kxf8 25. Kxf2 $19) 0-1

[Event "AUT Bundesliga 2021-22"]
[Site "Graz"]
[Date "2022.04.21"]
[Round "9.35"]
[White "Saric, Ante"]
[Black "Boric, Elena"]
[Result "1-0"]
[ECO "A04"]
[WhiteElo "2514"]
[BlackElo "2191"]
[Annotator "TA"]
[PlyCount "93"]
[EventDate "2021.01.17"]
[EventType "team-tourn"]
[EventCountry "AUT"]
[SourceTitle "playchess.com"]
[Source "ChessBase"]
[SourceQuality "1"]
[TimeControl "40/5400+30:1800+30"]

1. Nf3 d6 2. d4 f5 3. g3 Nf6 4. Bg2 g6 5. O-O Bg7 6. b3 O-O 7. Bb2 Ne4 8. Nbd2 c6 9. c4 e6 {[%emt 0:07:08] A87: Dutch Defence: Leningrad System: 5 Nf3.} 10. Nxe4 fxe4 11. Ne1 d5 $1 {[%emt 0:01:05] White is slightly better.} 12. f3 exf3 13. Nxf3 {[%emt 0:02:16] [#]} Nd7 $146 ({Predecessor:} 13... dxc4 14. bxc4 c5 15. e3 Nc6 16. Qd2 Na5 17. Rac1 Qc7 18. d5 Bxb2 19. Qxb2 exd5 20. cxd5 {½-½ (86) Tsakiris,H (2162)-Papasimakopoulos,V (1848) Achaia 2013}) 14. Qc2 a5 15. e4 Nf6 16. Ba3 Re8 17. e5 (17. Ne5 {keeps more tension.} a4 18. bxa4 dxe4 19. Rad1) 17... Ng4 18. Rae1 {[%emt 0:10:32] Against Ne3} b5 19. h3 Nh6 20. cxb5 {[%emt 0:03:27] &Bianco is more active.} cxb5 21. Bc5 Nf5 (21... b4 $14) 22. Qf2 $1 $16 b4 23. g4 Nh6 24. Qe3 $36 {[%emt 0:00:13][%mdl 2048] Keeping Black busy.} Nf7 25. g5 Ba6 26. Rf2 Rc8 27. h4 Qd7 28. Rc1 Nd8 $2 {[%emt 0:05:35] [#] Black cannot hold the game after this.} (28... Bb5 $16 29. Nh2 h5) 29. Nh2 $1 $18 Nb7 {[%emt 0:00:30] [#]} 30. Ng4 $1 Nxc5 31. dxc5 d4 $2 (31... Qc6 {was necessary.} 32. Nf6+ Kh8) 32. Qe4 d3 33. c6 Qa7 34. Nf6+ Bxf6 $2 (34... Kh8) 35. exf6 Kf7 36. Qe5 Qc7 37. Rc5 Red8 {[%emt 0:01:58] Threatens to win with ...Qxe5.} 38. Rd2 Bb7 39. Qxc7+ Rxc7 {[%emt 0:00:03] [#]} 40. Rxd3 $3 Rxd3 {[%emt 0:00:00] [#]} (40... Rb8 41. Rb5) 41. cxb7 $1 {[%emt 0:01:16][%mdl 4096] Endgame KRR-KRB} Rd1+ (41... Rxb7 42. Bxb7) 42. Kh2 Rxb7 43. Bxb7 {[%emt 0:00:05] Rc7+ is the strong threat.} Rd2+ 44. Kg3 {[%emt 0:00:04] White wants to mate with Rc7+.} Rxa2 45. Rc7+ {[%emt 0:00:04] White mates.} Kg8 46. Bc8 Re2 47. Re7 {[%emt 0:00:11] Weighted Error Value: White=0.14 (very precise) /Black=0.61} (47. Bd7 $142 Re3+ 48. Kf4 Rc3 49. Bxe6+ Kh8 50. Ra7 h6 51. Ra8+ Rc8 52. Rxc8+ Kh7 53. f7 hxg5+ 54. hxg5 a4 55. f8=Q axb3 56. Qh8#) 1-0

[Event "AUT Bundesliga 2021-22"]
[Site "Graz"]
[Date "2022.04.21"]
[Round "9.36"]
[White "Gschiel, Alexander"]
[Black "Rogic, Davor"]
[Result "0-1"]
[ECO "D11"]
[WhiteElo "2109"]
[BlackElo "2446"]
[Annotator "TA"]
[PlyCount "78"]
[EventDate "2021.01.17"]
[EventType "team-tourn"]
[EventCountry "AUT"]
[SourceTitle "playchess.com"]
[Source "ChessBase"]
[SourceQuality "1"]
[TimeControl "40/5400+30:1800+30"]

1. d4 d5 2. c4 c6 3. Nf3 Nf6 4. g3 Bf5 5. Bg2 e6 6. O-O h6 7. Nc3 Nbd7 8. Nd2 Be7 9. e4 dxe4 10. Ndxe4 O-O 11. Be3 {[%emt 0:06:28] D11: Slav Defence: 3 Nf3 sidelines and 3...Nf6 4 e3 Bg4.} Qa5 {[%emt 0:11:57] [#]} 12. Qe2 $146 ({Predecessor:} 12. Qb3 Qb4 13. Rfd1 Nxe4 14. Nxe4 Rfd8 15. h3 a5 16. Rac1 Nf6 17. Nc3 a4 18. Qxb4 Bxb4 {0-1 (86) Lahaye,R (2361)-Bok,B (2594) Belgium 2017}) 12... Rfe8 13. a3 {[%emt 0:09:48] The position is equal.} Bg4 14. f3 Bh5 15. b4 Qa6 16. g4 Bg6 17. f4 {[%emt 0:02:37] Against e5} Rad8 (17... Nxe4 $11 18. Bxe4 (18. Nxe4 Rad8 $11) 18... Bxe4 19. Nxe4 f5) 18. Nd2 $1 $14 Qb6 (18... h5 $14) 19. c5 (19. g5 $16) 19... Qc7 20. Nc4 (20. g5 $5 Nd5 21. Nxd5 exd5 22. Nf3 $11) 20... Nd5 21. Nxd5 exd5 22. f5 Bh7 {[%emt 0:04:50] [#]} (22... Bxf5 $5 23. Nd6 (23. Rxf5 dxc4 24. Qxc4 Nf6 $11) 23... Bg6 24. Nxe8 Rxe8 $14) 23. Bf4 $1 Qc8 (23... Bf6 $2 24. Qf2 (24. Bxc7 Rxe2 25. Bxd8 Bxd4+ 26. Ne3 Bxa1 $17) 24... Qc8 25. Nd6 $18) 24. Ne5 Bf6 25. Qb2 Re7 26. Rae1 Bh4 27. Rb1 Rde8 28. b5 (28. Nf3 $5 Bf6 29. Rbe1 $14) 28... Bf6 29. Nf3 {[%emt 0:01:40] [#]} Nxc5 $1 {[%emt 0:00:31] aiming for ...Nd3.} 30. Qc2 {[%emt 0:01:08] Against Nd3} (30. bxc6 bxc6) 30... Nd7 31. bxc6 bxc6 32. Rfc1 $2 (32. Rbc1 $15) 32... Re4 $1 $19 33. Qd2 Re2 (33... g5 $19 34. fxg6 Bxg6) 34. Qa5 $2 (34. Qd3 $17) 34... R2e4 (34... h5 $142 35. Ne5 Nxe5 36. dxe5 Bxf5 $1 37. gxf5 Qxf5 $1) 35. Qd2 {[%emt 0:00:45] [#]} g5 $1 $36 {[%emt 0:00:46][%mdl 2048] Black is in control.} 36. fxg6 Bxg6 37. Rb2 (37. Rb3 $142) 37... Nb6 38. g5 hxg5 39. Nxg5 $2 (39. Bxg5 Bg7 40. Qf2) 39... Rxd4 {[%emt 0:00:51] Weighted Error Value: White=0.50/Black=0.23 (precise)} 0-1

[Event "AUT Bundesliga 2021-22"]
[Site "Graz"]
[Date "2022.04.22"]
[Round "10.1"]
[White "Rozentalis, Eduardas"]
[Black "Horvath, Dominik"]
[Result "*"]
[ECO "C54"]
[WhiteElo "2542"]
[BlackElo "2483"]
[Annotator "TA"]
[PlyCount "27"]
[EventDate "2021.11.04"]
[EventType "team-tourn"]
[EventCountry "AUT"]
[SourceTitle "playchess.com"]
[Source "ChessBase"]
[SourceQuality "1"]
[TimeControl "40/5400+30:1800+30"]

1. e4 e5 2. Nf3 Nc6 3. Bc4 Bc5 4. c3 Nf6 5. d3 O-O 6. O-O d6 7. Nbd2 a5 {[%emt 0:00:46] [#] Not much happened in this game. C54: Giuoco Piano: 4 c3 Nf6, main lines with 5 d4 and 5 d3.} {Predecessor:} 8. h3 $146 Ba7 9. Re1 Be6 10. Bb5 Ne7 11. d4 Ng6 12. Nf1 c6 13. Bd3 a4 14. Ng3 {½-½ (72) Alekseenko,K (2702)-Carlsen,M (2856) Warsaw 2021} *

[Event "AUT Bundesliga 2021-22"]
[Site "Graz"]
[Date "2022.04.22"]
[Round "10.2"]
[White "Rubil, Marko"]
[Black "Atlas, Valery"]
[Result "*"]
[ECO "B83"]
[WhiteElo "2293"]
[BlackElo "2423"]
[Annotator "TA"]
[PlyCount "34"]
[EventDate "2021.11.04"]
[EventType "team-tourn"]
[EventCountry "AUT"]
[SourceTitle "playchess.com"]
[Source "ChessBase"]
[SourceQuality "1"]
[TimeControl "40/5400+30:1800+30"]

1. e4 c5 2. Nf3 e6 3. d4 cxd4 4. Nxd4 Nf6 5. Nc3 d6 6. Be2 Nc6 {[%emt 0:00:50] [#]} {Predecessor:} 7. Be3 $146 {B83: Sicilian Scheveningen: 6 Be2, lines without ...a6.} Bd7 8. Qd2 a6 9. O-O-O b5 10. a3 b4 11. axb4 Nxb4 12. Kb1 e5 13. Nf5 d5 14. Bg5 Be6 15. f4 Qa5 16. Bxf6 gxf6 17. fxe5 fxe5 {½-½ (25) Dubov,D (2702)-Artemiev,V (2711) Moscow 2020} *

[Event "AUT Bundesliga 2021-22"]
[Site "Graz"]
[Date "2022.04.22"]
[Round "10.3"]
[White "Baenziger, Fabian"]
[Black "Kuthan, Andreas"]
[Result "*"]
[ECO "E67"]
[WhiteElo "2418"]
[BlackElo "2207"]
[Annotator "TA"]
[PlyCount "40"]
[EventDate "2021.11.04"]
[EventType "team-tourn"]
[EventCountry "AUT"]
[SourceTitle "playchess.com"]
[Source "ChessBase"]
[SourceQuality "1"]
[TimeControl "40/5400+30:1800+30"]

1. d4 Nf6 2. Nf3 g6 3. c4 Bg7 4. g3 O-O 5. Bg2 d6 6. Nc3 Nbd7 7. O-O e5 {[%emt 0:00:13] [#]} {Predecessor:} 8. e4 $146 {E68: King's Indian: Fianchetto: 6...Nbd7 7 0-0 e5 8 e4.} exd4 9. Nxd4 Re8 10. h3 a6 11. Re1 Rb8 12. a4 a5 13. Be3 c6 14. Qc2 Nc5 15. b3 Nfd7 16. Rab1 Na6 17. f4 Ndc5 18. Qd2 Nb4 19. Kh2 h5 20. Re2 Qf6 {1-0 (38) Carlsen,M (2865)-Mamedyarov,S (2767) chess24.com INT 2022} *

[Event "AUT Bundesliga 2021-22"]
[Site "Graz"]
[Date "2022.04.22"]
[Round "10.4"]
[White "Boric, Elena"]
[Black "Novkovic, Milan"]
[Result "*"]
[ECO "A45"]
[WhiteElo "2191"]
[BlackElo "2360"]
[Annotator "TA"]
[PlyCount "37"]
[EventDate "2021.11.04"]
[EventType "team-tourn"]
[EventCountry "AUT"]
[SourceTitle "playchess.com"]
[Source "ChessBase"]
[SourceQuality "1"]
[TimeControl "40/5400+30:1800+30"]

1. d4 Nf6 2. Bf4 e6 3. e3 c5 4. c3 b6 {[%emt 0:00:26] [#] Not much happened in this game.} {Predecessor:} 5. Nf3 $146 Be7 6. h3 {A47: 1 d4 Nf6 2 Nf3 b6: Torre, London and Colle Systems.} O-O 7. Nbd2 cxd4 8. exd4 Bb7 9. Bd3 d6 10. O-O Nbd7 11. Qe2 a6 12. a4 Re8 13. Bh2 h6 14. Rfe1 Bf8 15. Nc4 Qc7 16. Ne3 Nd5 17. Nxd5 Bxd5 18. Bxa6 Bxf3 19. gxf3 {1-0 (34) Carlsen,M (2837)-Akobian,V (2647) Riadh 2017} *

[Event "AUT Bundesliga 2021-22"]
[Site "Graz"]
[Date "2022.04.22"]
[Round "10.5"]
[White "Mundorf, Johannes"]
[Black "Gschiel, Alexander"]
[Result "*"]
[ECO "A06"]
[WhiteElo "2257"]
[BlackElo "2186"]
[Annotator "TA"]
[PlyCount "30"]
[EventDate "2021.11.04"]
[EventType "team-tourn"]
[EventCountry "AUT"]
[SourceTitle "playchess.com"]
[Source "ChessBase"]
[SourceQuality "1"]
[TimeControl "40/5400+30:1800+30"]

1. Nf3 d5 2. g3 Nf6 3. Bg2 e6 4. O-O Be7 5. c4 O-O 6. d4 dxc4 {[%emt 0:00:58] [#]} {Predecessor:} 7. Qc2 $146 {E05: Open Catalan: 5 Nf3 Be7.} b5 8. a4 Bb7 9. axb5 a6 10. Nc3 axb5 11. Rxa8 Bxa8 12. Nxb5 Bd5 13. Bg5 Nc6 14. Bxf6 gxf6 15. e4 Nb4 {½-½ (62) Andreikin,D (2729)-Nepomniachtchi,I (2773) Chess.com INT 2022} *

[Event "AUT Bundesliga 2021-22"]
[Site "Graz"]
[Date "2022.04.22"]
[Round "10.6"]
[White "Kosc, Renata"]
[Black "Atlas, Dmitry"]
[Result "*"]
[ECO "C17"]
[WhiteElo "1974"]
[BlackElo "2250"]
[Annotator "TA"]
[PlyCount "31"]
[EventDate "2021.11.04"]
[EventType "team-tourn"]
[EventCountry "AUT"]
[SourceTitle "playchess.com"]
[Source "ChessBase"]
[SourceQuality "1"]
[TimeControl "40/5400+30:1800+30"]

1. e4 e6 2. d4 d5 3. Nc3 Bb4 4. e5 c5 5. Bd2 {[%emt 0:00:25] [#] An uneventful encounter.} {Predecessor:} a6 $146 6. Nce2 {C17: French: 3 Nc3 Bb4 4 e5 c5 sidelines.} Bxd2+ 7. Qxd2 cxd4 8. Nxd4 Nc6 9. f4 Nxd4 10. Qxd4 Ne7 11. Bd3 Bd7 12. Nf3 Bb5 13. O-O-O Nc6 14. Qc5 Qe7 15. Qxe7+ Kxe7 16. Kb1 {½-½ (16) Nakamura,H (2736)-Andreikin,D (2724) Chess.com INT 2022} *

[Event "AUT Bundesliga 2021-22"]
[Site "Graz"]
[Date "2022.04.22"]
[Round "10.7"]
[White "Ragger, Markus"]
[Black "Bosiocic, Marin"]
[Result "*"]
[ECO "B30"]
[WhiteElo "2656"]
[BlackElo "2522"]
[Annotator "TA"]
[PlyCount "40"]
[EventDate "2021.11.04"]
[EventType "team-tourn"]
[EventCountry "AUT"]
[SourceTitle "playchess.com"]
[Source "ChessBase"]
[SourceQuality "1"]
[TimeControl "40/5400+30:1800+30"]

1. e4 c5 2. Nf3 Nc6 3. Bb5 e6 4. O-O Nge7 5. Re1 a6 6. Bf1 d5 7. exd5 Nxd5 8. d4 Nf6 9. Be3 Be7 {[%emt 0:00:11] B30: Sicilian: 2...Nc6 3 Bb5, lines without ...g6.} 10. c4 O-O 11. Nc3 cxd4 12. Nxd4 Ne5 {[%emt 0:00:12] is now more promising than 12...Bd7.} 13. h3 {[%emt 0:00:16] Prevents Neg4.} Bd7 {[%emt 0:00:55] [#] Not much happened in this game.  Weighted Error Value: White=0.03 (flawless) /Black=0.02 (flawless)} {Predecessor:} 14. Qb3 $146 Qc7 15. Rac1 Rfc8 16. Na4 Bxa4 17. Qxa4 Rd8 18. Red1 Bc5 19. b4 Neg4 20. hxg4 Nxg4 {½-½ (40) Nepomniachtchi,I (2782)-Salem,A (2690) Warsaw 2021} *

[Event "AUT Bundesliga 2021-22"]
[Site "Graz"]
[Date "2022.04.22"]
[Round "10.8"]
[White "Brkic, Ante"]
[Black "Predojevic, Borki"]
[Result "*"]
[ECO "B12"]
[WhiteElo "2607"]
[BlackElo "2585"]
[Annotator "TA"]
[PlyCount "28"]
[EventDate "2021.11.04"]
[EventType "team-tourn"]
[EventCountry "AUT"]
[SourceTitle "playchess.com"]
[Source "ChessBase"]
[SourceQuality "1"]
[TimeControl "40/5400+30:1800+30"]

1. e4 c6 2. d4 d5 3. e5 Bf5 4. c4 {[%emt 0:03:24] [#] Not much happened in this game.} {Predecessor:} e6 $146 5. Nc3 Ne7 6. h3 {B12: Caro-Kann: Advance Variation.} Nd7 7. Nf3 Bg6 8. b3 Nf5 9. Be2 Bb4 10. Bb2 O-O 11. O-O f6 12. a3 Ba5 13. cxd5 cxd5 14. exf6 Qxf6 {1-0 (53) Carlsen,M (2856)-Firouzja,A (2804) Warsaw 2021} *

[Event "AUT Bundesliga 2021-22"]
[Site "Graz"]
[Date "2022.04.22"]
[Round "10.9"]
[White "Handler, Lukas"]
[Black "Heberla, Bartlomiej"]
[Result "*"]
[ECO "A56"]
[WhiteElo "2436"]
[BlackElo "2568"]
[Annotator "TA"]
[PlyCount "31"]
[EventDate "2021.11.04"]
[EventType "team-tourn"]
[EventCountry "AUT"]
[SourceTitle "playchess.com"]
[Source "ChessBase"]
[SourceQuality "1"]
[TimeControl "40/5400+30:1800+30"]

1. d4 Nf6 2. c4 c5 3. d5 g6 4. Nc3 Bg7 5. e4 d6 6. Be2 O-O 7. Be3 e6 {[%emt 0:00:07] White is slightly better.} 8. Nf3 {[%emt 0:00:22] E73: King's Indian: Averbakh Variation without 6...c5.} Re8 9. Nd2 Na6 {[%emt 0:00:06] [#]  Weighted Error Value: White=0.00 (flawless) /Black=0.00 (flawless)} {Predecessor:} 10. O-O $146 Nc7 11. a4 b6 12. Qc2 Ba6 13. Rae1 exd5 14. exd5 Bc8 15. h3 Na6 16. Bf4 {0-1 (39) Pashikian,A (2605)-Vishnu,P (2493) Moscow 2019} *

[Event "AUT Bundesliga 2021-22"]
[Site "Graz"]
[Date "2022.04.22"]
[Round "10.10"]
[White "Martinovic, Sasa"]
[Black "Kreisl, Robert"]
[Result "*"]
[ECO "D25"]
[WhiteElo "2554"]
[BlackElo "2398"]
[Annotator "TA"]
[PlyCount "31"]
[EventDate "2021.11.04"]
[EventType "team-tourn"]
[EventCountry "AUT"]
[SourceTitle "playchess.com"]
[Source "ChessBase"]
[SourceQuality "1"]
[TimeControl "40/5400+30:1800+30"]

1. d4 d5 2. c4 dxc4 3. Nf3 Nf6 4. e3 b5 5. a4 b4 6. Bxc4 {[%emt 0:00:07] D25: Queen's Gambit Accepted: 4 e3: sidelines and 4...Bg4.} e6 7. O-O Be7 8. Nbd2 Bb7 {[%emt 0:00:06] [#] Not much happened in this game.  Weighted Error Value: White=0.01 (flawless) /Black=0.00 (flawless)} {Predecessor:} 9. a5 $146 a6 10. Qa4+ Nfd7 11. e4 O-O 12. Rd1 Nf6 13. Qc2 c5 14. e5 Nfd7 15. Ne4 cxd4 16. Rxd4 {1-0 (38) Postny,E (2620)-Nabaty,T (2649) Tiberias 2016} *

[Event "AUT Bundesliga 2021-22"]
[Site "Graz"]
[Date "2022.04.22"]
[Round "10.11"]
[White "Buhmann, Rainer"]
[Black "Saric, Ante"]
[Result "*"]
[ECO "A46"]
[WhiteElo "2569"]
[BlackElo "2513"]
[Annotator "TA"]
[PlyCount "34"]
[EventDate "2021.11.04"]
[EventType "team-tourn"]
[EventCountry "AUT"]
[SourceTitle "playchess.com"]
[Source "ChessBase"]
[SourceQuality "1"]
[TimeControl "40/5400+30:1800+30"]

1. d4 Nf6 2. Nf3 d5 3. c4 e6 4. e3 Be7 5. b3 O-O 6. Bd3 c5 7. O-O cxd4 8. exd4 Nc6 9. Bb2 b6 10. Nbd2 {[%emt 0:00:12] A13: English Opening: 1...e6.} Nb4 11. Be2 {[%emt 0:01:55] [#] A rather calm draw.} {Predecessor:} Bb7 $146 12. Ne5 Rc8 13. f4 Rc7 14. Ndf3 Ne4 15. Nd2 dxc4 16. bxc4 Qa8 17. Nb3 f6 {0-1 (37) Forcen Esteban,D (2555)-Narciso Dublan,M (2548) Roquetas de Mar 2016} *